 Dungeon Crawl Stone Soup version 0.28.0-45-g0d030f2227 (webtiles) character file.

Game seed: 2514886898363178969

281 bnorton916 the Chiller (level 6, 0/41 HPs)
             Began as a Barachi Ice Elementalist on Apr 7, 2022.
             Slain by an orc
             ... wielding the +7 staff of the Meek {protect, meekguard}
              (10 damage)
             ... on level 4 of the Dungeon.
             The game lasted 00:06:47 (4176 turns).

bnorton916 the Chiller (Barachi Ice Elementalist)   Turns: 4176, Time: 00:06:48

Health: 0/41       AC:  3    Str:  9    XL:     6   Next: 27%
Magic:  13/13      EV: 12    Int: 18    God:
Gold:   76         SH:  0    Dex: 12    Spells: 7/14 levels left

rFire   + . .      SeeInvis .   g - +1 dagger (venom)
rCold   + . .      Faith    .   (no shield)
rNeg    . . .      Spirit   .   a - +0 robe
rPois   +          Reflect  .   n - +0 helmet
rElec   .          Harm     .   q - scarf {rC+ rF+}
rCorr   .          Rampage  .   (no gloves)
Will    .....                   (no boots)
Stlth   ++........              d - amulet of regeneration
HPRegen 0.93/turn               v - ring of poison resistance
MPRegen 0.13/turn               (no ring)

@: slow
A: amphibious, slowness 1, strong legs 1, +LOS
a: Hop


You were on level 4 of the Dungeon.
You visited 1 branch of the dungeon, and saw 4 of its levels.

You collected 76 gold pieces.

Inventory:

Hand Weapons
 c - a +0 dagger
 g - a +1 dagger of venom (weapon)
Missiles
 e - 63 stones
 m - 10 poisoned darts (quivered)
 r - 4 atropa-tipped darts
Armour
 a - a +0 robe (worn)
 n - a +0 helmet (worn)
 q - a scarf of resistance (worn)
Jewellery
 d - an amulet of regeneration (around neck)
 v - a ring of poison resistance (left hand)
Scrolls
 b - 4 scrolls of identify {unknown}
 f - a scroll of silence {unknown}
 i - a scroll of torment {unknown}
 j - a scroll of teleportation {unknown}
 o - a scroll of magic mapping {unknown}
 p - a scroll of noise {unknown}
 t - a scroll of summoning {unknown}
 u - a scroll of vulnerability {unknown}
Potions
 h - a potion of magic {unknown}
 k - a potion of mutation {unknown}
 l - 2 potions of haste {unknown}
 s - a potion of ambrosia {unknown}


   Skills:
 - Level 2.1 Dodging
 - Level 1.7 Stealth
 + Level 4.8 Spellcasting
 + Level 7.1 Ice Magic


You had 7 spell levels left.
You knew the following spells:

 Your Spells              Type           Power      Damage    Failure   Level
a - Freeze                Ice            100%       1d11      1%          1
b - Frozen Ramparts       Ice            60%        1d8       2%          3
c - Ozocubu's Armour      Ice            30%        N/A       2%          3

Your spell library contained the following spells:

 Spells                   Type           Power      Damage    Failure   Level
 Hailstorm                Conj/Ice       17%        3d6       30%         4


Dungeon Overview and Level Annotations

Branches:
Dungeon (4/15)
 Temple: D:4-7

Altars:

Shops:
D:3 *


Innate Abilities, Weirdness & Mutations

You are amphibious.
You cover ground slowly.
You can hop short distances.
You have an extended range of vision and can be seen from far away.


Message History

You hit the orc but do no damage.
The orc is poisoned.
The orc barely misses you.
You hit the orc but do no damage.
The orc looks even sicker.
The orc hits you with a +0 mace!
You barely miss the orc.
The orc is heavily wounded.
You kill the orc!
You hear a splash. x2
The orc shouts!
Items here: )))))) [ ÷÷÷÷ †.
Okay, then.
You hit the orc but do no damage.
The orc is lightly wounded.
The orc hits you with the +7 staff of the Meek {protect, meekguard}!
You hit the orc but do no damage.
The orc is lightly wounded.
The orc hits you with the +7 staff of the Meek {protect, meekguard}!
You hit the orc but do no damage.
The orc is poisoned.
The orc is lightly wounded.
The orc hits you with the +7 staff of the Meek {protect, meekguard}.
You hit the orc but do no damage.
The orc is moderately wounded.
The orc misses you.
You closely miss the orc.
The orc is moderately wounded.
The orc misses you.
You hit the orc but do no damage.
The orc is moderately wounded.
The orc completely misses you.
You hit the orc but do no damage.
The orc looks even sicker.
The orc is heavily wounded.
The orc hits you with the +7 staff of the Meek {protect, meekguard}!
You hit the orc but do no damage.
The orc looks as sick as possible!
The orc is heavily wounded.
The orc hits you with the +7 staff of the Meek {protect, meekguard}!
* * * LOW HITPOINT WARNING * * *
You closely miss the orc.
The orc is severely wounded.
The orc hits you with the +7 staff of the Meek {protect, meekguard}!
You die...

########################
#................P......
#........÷.........P....
#....≈≈≈≈≈÷≈≈≈≈≈≈≈≈≈≈≈≈≈
#....≈≈≈≈≈≈≈≈≈≈≈≈≈≈≈≈≈≈≈
#....≈≈#####)≈≈≈≈≈≈≈≈≈≈≈
#....≈≈#.og#)..@o.......
#....≈≈#...#'###########
#....≈≈###'#.))oo....
#....≈≈≈.#.#....###'#
#.P.[≈≈≈.#.#....#
#....≈≈≈.#.###'##
#....≈≈≈.#.. ...#
#....≈≈≈.# ...#
#....≈≈≈.# ####


You could see an orc (extremely poisoned).

Vanquished Creatures
  2 howler monkeys (D:4)
  A hound (D:4)
  5 gnolls (D:4)
  2 adders
  A worm (D:3)
  4 dart slugs
  5 orcs (D:4)
  3 bats
  5 endoplasms
  10 hobgoblins
  11 jackals
  9 kobolds
  4 quokkas
  11 ball pythons
  A frilled lizard (D:3)
  10 goblins
  8 rats
92 creatures vanquished.

Vanquished Creatures (others)
  2 fungi (D:2)
  2 plants (D:4)
4 creatures vanquished.

Grand Total: 96 creatures vanquished

Notes
Turn   | Place    | Note
-------+----------+-------------------------------------------
     0 | D:1      | bnorton916 the Barachi Ice Elementalist began the quest for
                  | the Orb.
     0 | D:1      | Reached XP level 1. HP: 13/13 MP: 3/3
   145 | D:2      | Reached skill level 5 in Ice Magic
   310 | D:2      | Reached XP level 2. HP: 19/19 MP: 0/5
  1032 | D:1      | Reached XP level 3. HP: 23/24 MP: 5/7
  1042 | D:1      | Learned a level 3 spell: Frozen Ramparts
  1046 | D:1      | Learned a level 3 spell: Ozocubu's Armour
  2359 | D:2      | Reached XP level 4. HP: 29/30 MP: 5/9
  2821 | D:2      | Found a faded altar of an unknown god.
  3039 | D:3      | Reached skill level 6 in Ice Magic
  3564 | D:3      | Found Plog's General Store.
  3825 | D:4      | Reached XP level 5. HP: 32/35 MP: 9/11
  3883 | D:4      | Reached XP level 6. HP: 34/41 MP: 8/12
  3894 | D:4      | Reached skill level 7 in Ice Magic
  4176 | D:4      | Slain by an orc

Illustrated notes

Levels and vault maps discovered:
D:1:      giann_horns, layout_basic, hex_medium
D:2:      layout_loops_cross, shapermc_ecumenical_altar_hornbeckon
D:3:      minmay_inner_zag, layout_loops_ring, serial_shops, shop,
          ebering_dispersal_statue_hall
D:4:      lemuel_castle_with_subvaults [lemuel_castle_interior_carwin_1],
          layout_layer_cave, mainiacjoe_overflow_small_starburst

Skill      XL: |  1  2  3  4  5  6 |
---------------+-------------------+-----
Ice Magic      | 5 6 7 |  7.1
Spellcasting   | 3 4 |  4.8
Dodging        | |  2.1
Stealth        | |  1.7

Action                   |  1- 3 |  4- 6 || total
-------------------------+-------+-------++-------
Melee: Unarmed           |     1 |       ||     1
       Dagger            |    40 |    73 ||   113
       Punch             |       |     1 ||     1
Throw: Dart              |     4 |     7 ||    11
 Cast: Freeze            |    33 |     3 ||    36
       Frozen Ramparts   |     1 |     8 ||     9
       Ozocubu's Armour  |       |     2 ||     2
 Abil: Hop               |       |     1 ||     1
 Stab: Sleeping          |     3 |     4 ||     7
       Distracted        |       |     1 ||     1
Armor: Robe              |    14 |    14 ||    28
Dodge: Dodged            |    43 |    50 ||    93
